 Dungeon Crawl Stone Soup version 0.22.0-6-g71bd7aa6b3 (webtiles) character file.

39 Esekla the Charmwright (level 3, -4/16 HPs)
             Began as a Felid Skald on Aug 15, 2018.
             Killed by nerve-wracking pain
             ... invoked by Grinder
              (12 damage)
             ... on level 3 of the Dungeon.
             The game lasted 00:09:25 (930 turns).

Esekla the Charmwright (Felid Skald)                 Turns: 930, Time: 00:09:26

Health: -4/16      AC:  5    Str:  7    XL:     3   Next: 28%
Magic:  5/7        EV: 19    Int: 15    God:
Gold:   105        SH:  0    Dex: 15    Spells: 1/6 levels left
                                        Lives:  0   Deaths: 0

rFire    . . .     SeeInvis +     - Unarmed
rCold    . . .     Gourm    .   (shield unavailable)
rNeg     . . .     Faith    .   (armour unavailable)
rPois    .         Spirit   .   (helmet unavailable)
rElec    .         Reflect  .   (cloak unavailable)
rCorr    .         Harm     .   (gloves unavailable)
MR       .....                  (boots unavailable)
Stlth    ++........             (no amulet)
HPRegen  0.05/turn              f - +4 ring of protection
MPRegen  0.10/turn              (no ring)

@: infused, quick
A: very small, no armour, no weapons or thrown items, stealth, claws 1, fangs 3,
see invisible, carnivore, speed 1, shaggy fur 1, slow metabolism 1, sharp paws
a: no special abilities


You were on level 3 of the Dungeon.
You were full.

You visited 1 branch of the dungeon, and saw 3 of its levels.

You collected 105 gold pieces.

Inventory:

Jewellery
 f - a +4 ring of protection (left paw)
Scrolls
 g - a scroll of remove curse {unknown}
Potions
 c - a potion of lignification
 d - a potion of flight
 e - a potion of curing
Comestibles
 b - 6 rations


   Skills:
 + Level 2.0 Fighting
 * Level 3.8 Dodging
 + Level 1.5 Stealth
 + Level 2.4 Unarmed Combat
 + Level 2.0 Spellcasting
 + Level 4.1 Charms
 * Level 0.2 Translocations


You had one spell level left.
You knew the following spells:

 Your Spells              Type           Power        Failure   Level  Hunger
a - Infusion              Chrm           ##..         4%          1    #......
b - Shroud of Golubria    Chrm/Tloc      #.........   14%         2    ###....
c - Song of Slaying       Chrm           ##......     6%          2    ###....

Your spell library contained the following spells:

 Spells                   Type           Power        Failure   Level  Hunger
 Regeneration             Chrm/Necr      #.........   28%         3    ###....
 Spider Form              Tmut/Pois      #.........   54%         3    ###....
 Blade Hands              Tmut           #.........   99%         5    ######.
 Ice Form                 Ice/Tmut       #.......     91%         4    #####..
 Sticks to Snakes         Tmut           #.......     32%         2    ###....
 Beastly Appendage        Tmut           #.....       22%         1    #......
 Spectral Weapon          Hex/Chrm       #.......     28%         3    ###....


Dungeon Overview and Level Annotations

Branches:
Dungeon (3/15)

Altars:

Annotations:
D:2 Jessica, Terence
D:3 Grinder


Innate Abilities, Weirdness & Mutations

You cannot wear armour.
You are incapable of wielding weapons or throwing items.
Your paws allow you to move quietly. (Stealth)
You have sharp claws.
You have razor-sharp teeth.
You have supernaturally acute eyesight. (SInv)
You are carnivorous and can eat meat at any time.
You cover ground quickly.
You are covered in fur. (AC +1)
You have a slow metabolism.
Your sharp claws are effective at attacking unaware monsters.


Message History

You closely miss Grinder.
Grinder is lightly wounded.
Grinder hits you.
You scratch Grinder.
Grinder is lightly wounded.
Grinder closely misses you.
You barely miss Grinder.
Grinder is lightly wounded.
Grinder gestures at you. You resist with significant effort.
You barely miss Grinder.
Grinder is lightly wounded.
Grinder completely misses you.
A rat comes into view.
Found a stone staircase leading up.
Grinder blinks!
Grinder gestures at you. Pain shoots through your body!
Ouch! That really hurt!
You die...

... #. #..#.
#.###.#.#
.......<#
#.###.#ยง#
#.#w# # #.#.#
#.###.#5#####.
#..@..........r
#<###..........
#. ###.####...
# #.# ## #.#
#.. ##. .#


You could see Grinder.

Vanquished Creatures
  2 adders (D:2)
  A giant cockroach (D:2)
  2 goblins (D:1)
  4 jackals (D:1)
  3 bats
  5 frilled lizards
  2 kobolds
  5 rats
24 creatures vanquished.

Notes
Turn   | Place    | Note
-------+----------+-------------------------------------------
     0 | D:1      | Esekla the Felid Skald began the quest for the Orb.
     0 | D:1      | Reached XP level 1. HP: 9/9 MP: 4/4
   234 | D:1      | Reached skill level 4 in Charms
   234 | D:1      | Reached XP level 2. HP: 8/13 MP: 6/6
   365 | D:2      | Noticed Terence
   453 | D:1      | Reached skill level 1 in Stealth
   714 | D:2      | Learned a level 2 spell: Shroud of Golubria
   717 | D:2      | Learned a level 2 spell: Song of Slaying
   750 | D:2      | Reached XP level 3. HP: 16/16 MP: 7/7
   765 | D:2      | Noticed Jessica
   886 | D:2      | Noticed a centaur
   912 | D:3      | Noticed Grinder
   930 | D:3      | Killed from afar by Grinder

Skill      XL: |  1  2 |
---------------+-------+-----
Charms         | 4 |  4.1
Stealth        | 1 |  1.5
Fighting       | |  2.0
Dodging        | |  3.8
Unarmed Combat | |  2.4
Spellcasting   | |  2.0
Translocations | |  0.2

Action                   || total
-------------------------++-------
Melee: Unarmed           ||    70
       Punch             ||     1
       Bite              ||     1
 Cast: Infusion          ||     7
  Use: Scroll            ||     3
 Stab: Sleeping          ||     3
  Eat: Chunk             ||     3
Armor: Skin              ||     7
Dodge: Dodged            ||    50
